 Dungeon Crawl Stone Soup version 0.20-a0-1025-g4706f7e (webtiles) character file.

173 CanOfBees the Skirmisher (level 5, 0/48 HPs)
             Began as a Minotaur Fighter on Apr 19, 2017.
             Slain by a worm (6 damage)
             ... on level 3 of the Dungeon.
             The game lasted 00:04:12 (2257 turns).

CanOfBees the Skirmisher (Minotaur Fighter)         Turns: 2257, Time: 00:04:13

Health: 0/48       AC: 10    Str: 20    XL:     5   Next: 28%
Magic:  4/4        EV:  9    Int:  5    God:
Gold:   202        SH:  9    Dex: 11    Spells: 4/4 levels left

rFire    + . .     SeeInvis .   a - +0 war axe
rCold    . . .     Gourm    .   c - +0 shield
rNeg     . . .     Faith    .   t - +4 scale mail {rF+}
rPois    .         Spirit   .   (helmet restricted)
rElec    .         Reflect  .   (no cloak)
rCorr    .         Harm     .   (no gloves)
MR       .....                  (no boots)
Stlth    ..........             k - amulet of inaccuracy (curse)
Regen    0.2/turn               (no ring)
MPRegen  0.1/turn               (no ring)

@: no status effects
A: retaliatory headbutt, horns 2
a: no special abilities


You were on level 3 of the Dungeon.
You were not hungry.

You visited 1 branch of the dungeon, and saw 3 of its levels.

You collected 202 gold pieces.

Inventory:

Hand Weapons
 a - a +0 war axe (weapon)
Missiles
 e - 22 sling bullets
 r - 3 tomahawks (quivered)
Armour
 c - a +0 shield (worn)
 t - a +4 scale mail of fire resistance (worn)
Jewellery
 k - a cursed amulet of inaccuracy (around neck)
Scrolls
 b - a scroll of recharging {unknown}
 i - 3 scrolls of identify
 l - 2 scrolls of blinking
Potions
 d - a potion of might
 m - a potion of curing
 n - a potion of resistance {unknown}
 o - a potion of magic {unknown}
 p - a potion of lignification {unknown}
Comestibles
 f - 3 bread rations
 g - 2 meat rations
 h - 7 chunks of flesh


   Skills:
 + Level 5.2 Fighting
 + Level 3.9 Axes
 - Level 3.6 Armour
 + Level 3.3 Dodging
 - Level 3.6 Shields


You had 4 spell levels left.
You didn't know any spells.

Dungeon Overview and Level Annotations

Branches:
Dungeon (3/15)

Altars:
Trog
Yredelemnul


Innate Abilities, Weirdness & Mutations

You reflexively headbutt those who attack you in melee.
You have a pair of horns on your head.


Message History

You block the worm's attack. x2
You see here a worm corpse.
The worm bites you.
You slash the worm! You headbutt the worm.
The worm is moderately wounded.
You hit the worm but do no damage. You barely miss the worm.
You block the worm's attack. The worm bites you! x2
Unknown command.
You hit the worm.
The worm is moderately wounded.
You hit the worm. x2; You block the worm's attack.
The worm barely misses you. The worm bites you.
You barely miss the worm.
The worm is moderately wounded.
You hit the worm but do no damage. You hit the worm.
The worm barely misses you. The worm closely misses you. x2
You furiously retaliate!
You headbutt the worm. The worm bites you!
* * * LOW HITPOINT WARNING * * *
The worm bites you.
You die...

*,,,,,,,,,,,,.......
*,,,,**####***##....
*,,,###).)### #....
**,##....)).## #....
**#...._....# #....
##.........###....
#....###....##....
#ww†##y##...#.....
#@w..###....#.####
#...........#.#
##.........##.#
##.......##..#
####'####..##
#.##...## #....###
######


You could see a moth of wrath and 3 worms.

Vanquished Creatures
  Terence (D:3)
  4 adders (D:2)
  An ooze (D:3)
  3 worms (D:3)
  3 dart slugs
  A leopard gecko (D:2)
  13 orcs (D:3)
  6 bats
  2 giant cockroaches
  5 goblins
  14 hobgoblins
  3 jackals (D:3)
  6 frilled lizards
  10 kobolds
  6 rats
78 creatures vanquished.

Notes
Turn   | Place    | Note
-------+----------+-------------------------------------------
     0 | D:1      | CanOfBees the Minotaur Fighter began the quest for the Orb.
     0 | D:1      | Reached XP level 1. HP: 19/19 MP: 0/0
   120 | D:1      | Reached skill level 1 in Dodging
   207 | D:1      | Reached XP level 2. HP: 25/27 MP: 1/1
   503 | D:1      | Reached skill level 4 in Fighting
   745 | D:2      | Reached XP level 3. HP: 32/33 MP: 2/2
  1057 | D:2      | Reached XP level 4. HP: 37/41 MP: 3/3
  1493 | D:3      | Noticed Terence
  1611 | D:3      | Killed Terence
  1635 | D:3      | Found a basalt altar of Yredelemnul.
  1661 | D:3      | Reached XP level 5. HP: 17/47 MP: 4/4
  1684 | D:3      | Reached skill level 5 in Fighting
  2239 | D:3      | Noticed a moth of wrath
  2241 | D:3      | Found a bloodstained altar of Trog.
  2257 | D:3      | Slain by a worm

Vault maps used:
D:1:      dpeg_arrival_stone_temple_mockup
D:2:      grunt_decor_fettered
D:3:      tgw_trog, yredelemnul_altar_generic, uniq_terence

Skill      XL: |  1  2  3  4  5 |
---------------+----------------+-----
Dodging        | 1 2 3 |  3.3
Fighting       | 4 5 |  5.2
Axes           | 3 |  3.9
Armour         | |  3.6
Shields        | |  3.6

Action                   |  1- 3 |  4- 6 || total
-------------------------+-------+-------++-------
Melee: War axe           |    96 |   114 ||   210
       Headbutt          |    13 |    13 ||    26
Throw: Tomahawk          |       |     8 ||     8
  Use: Scroll            |       |     5 ||     5
  Eat: Chunk             |     1 |     4 ||     5
Armor: Scale mail        |    43 |    68 ||   111
Dodge: Dodged            |    32 |    61 ||    93
Block: Shield            |    55 |    90 ||   145
